Cogmind - Beta 14 @@@ ROGUE MODE // 2025.01.16 @ 12:05:24 Player: cabin Result: Destroyed by G-34 Mercenary with Small Laser Performance ------------- Evolutions (1) 500 Regions Visited (2) 400 Robots Destroyed (14) 70 Value Destroyed (355) 355 Prototype IDs (2) 40 Alien Tech Used (0) 0 Bonus (0) 0 TOTAL SCORE: 1365 Bonus ------- None Cogmind --------- Core Integrity 0/400 Matter 201/300 Energy 250/250 System Corruption 1% Temperature Cool (6) Movement Flying (107) Ox1 Location -9/Materials Parts ------- > --- POWER (1) -------- Ion Engine > --- PROPULSION (2) --- Improved Flight Unit Improved Flight Unit > --- UTILITY (4) ------ Small Storage Unit Propulsion Shielding > --- WEAPON (2) ------- Flail > --- INVENTORY (8) ---- Faulty Heavy Ion Engine Flight Unit Improved Flight Unit Improved Flight Unit Grenade Launcher Peak State ------------ > --- POWER ------------ Ion Engine > --- PROPULSION ------- Improved Flight Unit Improved Flight Unit > --- UTILITY ---------- Small Storage Unit Propulsion Shielding > --- WEAPON ----------- Flail > --- INVENTORY -------- Heavy Ion Engine Flight Unit Improved Flight Unit Improved Flight Unit Grenade Launcher [Rating: 12] Favorites ----------- Power Ion Engine Engine Ion Engine Propulsion Light Treads Treads Light Treads Flight Unit Improved Flight Unit Utility Small Storage Unit Device Seismic Detector Storage Small Storage Unit Protection Propulsion Shielding Weapon Medium Laser Energy Gun Medium Laser Ballistic Gun Assault Rifle Launcher Grenade Launcher Impact Weapon Flail Build | -11 -10 -9 ------- Run | Yrd Mat Mat Slots Evolved 2 | . . 2 Power . | . . . Propulsion . | . . . Utility 2 | . . 2 Weapon . | . . . Parts Attached 18 | 6 1 11 Power 5 | 1 . 4 Engine 5 | 1 . 4 Core . | . . . Reactor . | . . . Propulsion 6 | 2 . 4 Treads 2 | 2 . . Leg . | . . . Wheel . | . . . Hover . | . . . Flight 4 | . . 4 Utility 3 | 1 1 1 Device 1 | . 1 . Storage 1 | 1 . . Processor . | . . . Hackware . | . . . Protection 1 | . . 1 Artifact . | . . . Weapon 4 | 2 . 2 Energy Gun 1 | 1 . . Energy Cannon . | . . . Ballistic Gun 1 | 1 . . Ballistic Cannon . | . . . Launcher 1 | . . 1 Special Weapon . | . . . Impact Weapon 1 | . . 1 Slashing Weapon . | . . . Piercing Weapon . | . . . Special Melee Weapon . | . . . Unidentified Prototypes 2 | . . 2 Parts Lost 7 | . . 7 Power 1 | . . 1 Propulsion 3 | . . 3 Utility 1 | . . 1 Weapon 2 | . . 2 Highest Loss Streak 4 | . . 4 To Critical Strikes . | . . . Average Slot Usage (%) 82 | . 95 65 Engine 12 | . 14 10 Treads 19 | . 28 8 Flight 5 | . . 11 Device 8 | . 10 6 Storage 12 | . 14 11 Protection 2 | . . 5 Energy Gun 9 | . 14 4 Ballistic Gun 9 | . 14 2 Launcher 1 | . . 2 Peak Build Rating 12 | 6 7 12 Average Rating 6 | 4 6 7 On Entrance 4 | . 6 7 Naked Turns . | . . . Heaviest Build 15 | 14 15 15 Greatest Support 40 | 40 40 40 Greatest Overweight (x) 2 | . . 2 Average Overweight (x) . | . . . Largest Inventory Capacity 8 | 8 8 8 Average Capacity 7 | 7 8 8 Most Carried 6 | . 6 6 Average Carried 3 | . 2 4 Final Capacity 8 | 8 8 8 Final Carried 6 | . 6 5 Class Distribution -------------------- 100% | Mutant Dominant Class ---------------- Mutant | -10/Materials Mutant | -9/Materials Resources | -11 -10 -9 ----------- Run | Yrd Mat Mat Matter Collected 391 | 210 135 46 Remotely . | . . . Salvage Created 427 | . 288 139 Parts 22 | . 15 7 Haulers Intercepted . | . . . Recyclers Shooed 1 | . 1 . Parts Field Recycled . | . . . Retrieved Matter . | . . . Parts Self-Destructed . | . . . Prevented . | . . . Kills | -11 -10 -9 ------- Run | Yrd Mat Mat Combat Hostiles Destroyed 11 | . 8 3 Guns 9 | . 8 1 AOE 2 | . . 2 Classes Destroyed 5 | . 4 1 Worker 2 | . 1 1 Watcher 1 | . 1 . Swarmer 3 | . 3 . Grunt 6 | . 5 1 Sentry 2 | . . 2 Best Kill Streak 4 | . 4 2 Combat Bots Only 3 | . 3 2 Max Kills in Single Turn 2 | . 2 1 Gunslinging . | . . . Exploded 1 | . . 1 Melee . | . . . Uniques/NPCs Destroyed . | . . . Combat | -11 -10 -9 -------- Run | Yrd Mat Mat Hostile Shots Fired 149 | . 41 108 Missed 43 | . 11 32 Damage Taken 1385 | . 340 1045 Core 496 | . 89 407 Absorbed by Shields . | . . . Redirected to Shielding 20 | . . 20 Core Remaining (%) 82 | 100 64 . Volleys Fired 50 | . 25 25 Largest 2 | . 2 1 Hottest 70 | . 70 50 Shots Fired 75 | . 50 25 Gun 70 | . 50 20 Cannon . | . . . Launcher 5 | . . 5 Special . | . . . Kinetic 25 | . 25 . Thermal 45 | . 25 20 Explosive 5 | . . 5 Electromagnetic . | . . . Robot Hit Streak 8 | . 8 6 Robot Miss Streak 3 | . 3 1 Penetration Max . | . . . Secondary Targets 1 | . 1 . Max Gunslinging Chain 1 | . 1 . Shots Hit Robots 54 | . 34 20 Core Hits 26 | . 17 9 Critical Kills . | . . . Critical Parts Destroyed 1 | . 1 . Critical Strikes 3 | . 3 . Burn 2 | . 2 . Destroy 1 | . 1 . Melee Attacks 4 | . . 4 Impact 4 | . . 4 Slashing . | . . . Piercing . | . . . Sneak Attacks 1 | . . 1 Combat Hostiles . | . . . Follow-up Attacks . | . . . Damage Inflicted 800 | . 483 317 Guns 671 | . 483 188 Cannons . | . . . Explosions 69 | . . 69 Melee 60 | . . 60 Ramming . | . . . Kinetic 207 | . 207 . Thermal 464 | . 276 188 Explosive 69 | . . 69 Electromagnetic . | . . . Impact 60 | . . 60 Slashing . | . . . Piercing . | . . . Highest Corruption 1 | . . 1 Average Corruption 1 | . . 1 Corruption Purged . | . . . Corruption Blocked . | . . . Overload Shots . | . . . Overflow Damage 45 | . . 45 Projectiles . | . . . Explosions . | . . . Melee 45 | . . 45 Knockbacks . | . . . Impact . | . . . Kinetic . | . . . Secondary . | . . . Self-Inflicted Damage 112 | . . 112 Shots 4 | . . 4 Rammed . | . . . Targets Rammed . | . . . Kicked . | . . . Crushed . | . . . Highest Temperature 248 | . 105 248 Average Temperature 75 | . 40 130 Received Heat Transfer 597 | . 168 429 Siege Activations . | . . . Robots Corrupted . | . . . Combat Hostiles . | . . . Parts Fried 2 | . . 2 Impact Corruptions 1 | . . 1 Robots Melted . | . . . Combat Hostiles . | . . . Parts Melted 3 | . 2 1 Heat Transferred 1517 | . 962 555 Parts Sabotaged . | . . . Parts Stolen . | . . . Parts Stripped . | . . . Power Chain Reactions . | . . . Alert | -11 -10 -9 ------- Run | Yrd Mat Mat Peak Influence 212 | . 212 185 Initial 89 | . . 89 Average 83 | . 78 119 Maximum Alert Level 1 | . 1 . Low Security (%) 97 | 100 95 100 Level 1 2 | . 4 . Level 2 . | . . . Level 3 . | . . . Level 4 . | . . . Level 5 . | . . . High Security . | . . . Max Security . | . . . Squads Dispatched 4 | . 2 2 Investigation 1 | . 1 . Extermination . | . . . Reinforcement 3 | . 1 2 Assault . | . . . Garrison . | . . . Intercept . | . . . Searches Triggered . | . . . Construction Impeded . | . . . Haulers Reinforced . | . . . Active Scanning Responses . | . . . Cargo Convoy Interrupts . | . . . Stealth | -11 -10 -9 --------- Run | Yrd Mat Mat Distress Signals . | . . . Communications Jammed . | . . . Distress Signals . | . . . Times Spotted 26 | . 11 15 Peak Tracking Total 7 | . 5 7 Tactical Retreats 1 | . . 1 Traps | -11 -10 -9 ------- Run | Yrd Mat Mat Traps Triggered 2 | . 1 1 Indirectly . | . . . Trap Hack Attempts . | . . . Triggered . | . . . Disarmed . | . . . Reprogrammed . | . . . Reused . | . . . Traps Extracted . | . . . Installed . | . . . Triggered . | . . . Machines | -11 -10 -9 ---------- Run | Yrd Mat Mat Machines Disabled . | . . . Max in Single Turn . | . . . Machines Repaired . | . . . Machines Dismantled . | . . . Machines Sabotaged . | . . . Overloaded Fab Kills . | . . . Hacking | -11 -10 -9 --------- Run | Yrd Mat Mat Machines Accessed 1 | . 1 . Terminals . | . . . Fabricators . | . . . Repair Stations . | . . . Recycling Units 1 | . 1 . Scanalyzers . | . . . Garrison Access . | . . . Total Hacks 4 | . 4 . Successful 2 | . 2 . Failed 2 | . 2 . Catastrophic . | . . . Database Lockouts . | . . . Manual . | . . . Terminals . | . . . Fabricators . | . . . Repair Stations . | . . . Recycling Units 4 | . 4 . Scanalyzers . | . . . Garrison Access . | . . . Terminal Hacks . | . . . Fabricator Hacks . | . . . Repair Station Hacks . | . . . Recycling Unit Hacks 2 | . 2 . Report Inventory 1 | . 1 . Retrieve Components 1 | . 1 . Scanalyzer . | . . . Garrison Access Hacks . | . . . Unauthorized Hacks . | . . . Terminals . | . . . Fabricators . | . . . Repair Stations . | . . . Recycling Units . | . . . Scanalyzers . | . . . Garrison Access . | . . . Data Cores Recovered . | . . . Used . | . . . Hacking Detections 1 | . 1 . Full Trace Events . | . . . Feedback Events . | . . . Feedback Blocked . | . . . Robot Schematics Acquired . | . . . Robots Built . | . . . Authchips . | . . . Time . | . . . Total Robot Build Rating . | . . . Part Schematics Acquired . | . . . Parts Built . | . . . Authchips . | . . . Time . | . . . Total Part Build Rating . | . . . Parts Repaired . | . . . Time . | . . . Parts Recycled . | . . . Recycled Matter . | . . . Retrieved Matter . | . . . Retrieved Components 2 | . 2 . Parts Scanalyzed . | . . . Part Schematics Acquired . | . . . Parts Damaged . | . . . Bothacking | -11 -10 -9 ------------ Run | Yrd Mat Mat Used RIF Installer . | . . . Robots Hacked . | . . . Non-combat . | . . . Combat . | . . . Robot Hacks Applied . | . . . Relay Couplers Released . | . . . Fabnet Peak Effective % . | . . . Robots Rewired . | . . . Allies Hacked . | . . . Hacks Repelled . | . . . Allies | -11 -10 -9 -------- Run | Yrd Mat Mat Total Allies . | . . . Largest Group . | . . . Highest-Rated Group . | . . . Highest-Rated Ally . | . . . Total Orders . | . . . Ally Attacks . | . . . Total Damage . | . . . Kills . | . . . Allies Corrupted . | . . . Allies Melted . | . . . Intel | -11 -10 -9 ------- Run | Yrd Mat Mat Robot Analysis Total . | . . . Derelict Logs Recovered . | . . . Drone Launches . | . . . Drone Recoveries . | . . . Exploration | -11 -10 -9 ------------- Run | Yrd Mat Mat Turns Passed 675 | 94 315 266 Spaces Moved 396 | 57 146 193 Core 5 | 5 . . Treads 244 | 52 146 46 Legs . | . . . Wheels . | . . . Hover . | . . . Flight 147 | . . 147 Fastest Speed 37 | 50 160 37 Average Speed 127 | 150 160 96 Slowest Speed 200 | 160 160 200 Overloaded Moves . | . . . Propulsion Burnouts . | . . . Robots Hopped 3 | . . 3 Cave-ins Triggered . | . . . Exploration Rate (%) 19 | 5 33 20 Regions Visited 2 Branch Regions . Pre-discovered Areas . | . . . Known Exits Taken . | . . . Unknown Exits Taken 2 | 1 1 . Scrap Searched . | . . . Spaces Dug . | . . . Terrain Destroyed 31 | . . 31 Melee . | . . . Projectile . | . . . AOE 31 | . . 31 Terrain Rammed . | . . . Walls Destroyed . | . . . Machines Disabled . | . . . Actions | -11 -10 -9 --------- Run | Yrd Mat Mat Total 478 | 62 177 239 Wait 3 | . . 3 Move 388 | 56 145 187 Hop 3 | . . 3 Pick Up 8 | . 6 2 Fast Attach 10 | 6 1 3 Attach 6 | . . 6 Detach 3 | . . 3 Swap 2 | . . 2 Drop 1 | . . 1 Fire 50 | . 25 25 Melee 4 | . . 4 Ram . | . . . Kick . | . . . Crush . | . . . Escape Stasis . | . . . Rewire . | . . . Trap . | . . . Miscellaneous . | . . . Route ------- -11/Scrapyard -10/Materials (discovered 2 exits: [*Mat] / [*Min]) -9/Materials History --------- Turn | Location | Event 9 | -11/Scrapyard | Discovered new exit (range 15) 95 | -11/Scrapyard | Entered Materials 95 | -10/Materials | Discovered new exit (range 8) 317 | -10/Materials | Build established: Mutant 360 | -10/Materials | Discovered new exit (range 16) 410 | -10/Materials | Entered another Materials area 410 | -9/Materials | Evolved 2 slots: Utility x2 555 | -9/Materials | Lost 4 parts (2n2w) 563 | -9/Materials | Core integrity fell below 50% 648 | -9/Materials | Core integrity fell below 20% 676 | -9/Materials | Destroyed by G-34 Mercenary with Small Laser Last Messages --------------- 00615_ O-16 Technician: "IFF HANDSHAKE FAILED. SECURING TERMINAL." 00617_ Acquired Prototype Engine. 00617_ Identified Hvy. Ion Engine. 00617_ Faulty integration triggers energy drain (-51). 00619_ O-16 Technician uses terminal to summon reinforcements. 00619_ ALERT: Hostiles spotted, dispatching reinforcements to Terminal M002. 00619_ O-16 Technician locks terminal. 00622_ Acquired Imp. Flight Unit. 00634_ Acquired Flail. 00643_ Sneak attack on K-01 Serf. 00643_ Destroyed Sml. Matter Pod. 00643_ K-01 Serf system corrupted by crushing effect. 00643_ Wheel fried. 00643_ K-01 Serf destroyed. [Achievement: Just Browsing] Map ----- +----------------------------------------------------+ | ?????????????????????????????????????????????????? | | ?????????????????????????????????????????????????? | | ?????????????????????????????????????????????????? | | ?????????????????????????????????????????????????? | | ?????????????????????????????????????????????????? | | ?????????????????????????????????????????????????? | | ?????????????????????????????????????????????????? | | ?????????????????????????????????????????????????? | | ??????????????????###########????????????????????? | | ??????????????????# #????????????????????? | | ??????????????????# #????????????????????? | | ??????????????????# #????????????????????? | | ??????????????????# #????????????????????? | | ??????????????????# !!/ #????????????????????? | | ??????????????????# !!/ #????????????????????? | | ??????????????????# !! #????????????????????? | | ??????????????????# #????????????????????? | | ??????????????#########+#####????????????????????? | | ??????????????# #########??????????????? | | ??????????????# #% #??????????????? | | ???????????#+## **= + #??????????????? | | ???????????# # #??????????????? | | ??????????## * #########??????????????? | | ????# ### ###??????????????????????? | | ????# ### #?# #########????????????????? | | ??????????# ### "" #@ #????????????????? | | ??#######?# T" gg ] ! #????????????????? | | ??# #?# "" # #????????????????? | | ??# ### #########????????????????? | | ??# #?????????????????????? | | ??# ################## #?????????????????????? | | ??# #????????????????????????????????????????? | | ??### ###????????????????????????????????????????? | | ????# #??????????????????????????????????????????? | | ????# #??????????????????????????????????????????? | | ????# #??????????????????????????????????????????? | | ????# #??????????????????????????????????????????? | | ????# #??????????????????????????????????????????? | | ????# #??????????????????????????????????????????? | | ##### #??????????????????????????????????????????? | | # #####??????????????????????????????????????? | | # #??????????????????????????????????????? | | # #??????????????????????????????????????? | | + #??????????????????????????????????????? | | # #??????????????????????????????????????? | | # #??????????????????????????????????????? | | ## ##??????????????????????????????????????? | | ## ^#???????????????????????????????????????? | | ###### ###########?????????????????????????????? | | ?????# # #?????????????????????????????? | +----------------------------------------------------+ Best States ------------- Heat Dissipation 28 Energy Generation 10 Energy Capacity 250 Matter Stores 300 Matter Capacity 300 Sight Range 16 Terrain Scan Density 10 Propulsion Shielding 33 Evasion (%) 62 Recoil Reduction 2 Item Schematics ----------------- None Robot Schematics ------------------ None Fabricated ------------ Nothing Alien Tech Used ----------------- None Achievements -------------- Just Browsing Challenges ------------ None Game ------ Seed BarrageElectronArmor Manual? 0 Play Time 00:10:37 Cumulative 17.4 hours Start 2025.01.16 @ 11:43:34 End 2025.01.16 @ 12:05:24 Sessions 1 Manual Loads 0 Difficulty Rogue Special Mode None Game No. 45 Rogue 44 Adventurer 1 Explorer 0 Win Type - Total 0 Types 0/0/0/0/0/0/0/0/0 Lore% 7 Gallery% 25 Achievement% 19 Wizard Run 0 Options --------- Layout 2 ASCII 0 Keyboard 1 Movement Numpad Keybinds 0 Fullscreen 1 Font 24/Smallcaps Map View 50x44 Zoom Use 0% Tactical HUD 1 Map Filters NONE Filters NONE Steam 1 RUN: 1f4bf326-fe54-480a-985f-0c733ceb664e